 Dungeon Crawl Stone Soup version 0.32-a0-859-gb0a091d592 (webtiles) character file.

Game seed: 16998228286440716788

684 ytrimaz the Ruffian (level 7, -1/69 HPs)
             Began as an Octopode Shapeshifter on Mar 27, 2024.
             Slain by a centaur (4 damage)
             ... on level 5 of the Dungeon.
             The game lasted 00:03:52 (3836 turns).

ytrimaz the Ruffian (Octopode Shapeshifter)         Turns: 3836, Time: 00:03:53

Health: -1/69      AC:  1    Str: 13    XL:     7   Next: 62%
Magic:  20/20      EV: 12    Int: 15    God:
Gold:   192        SH:  0    Dex: 11    Spells: 12/12 levels left

rFire   . .          .
                       - Unarmed
rCold   . . .        (no shield)
rNeg    + . .        (helmet currently unavailable)
rPois   .            (no amulet)
rElec   .            i - ring of magical power
rCorr   .            d - ring of positive energy
SInv    .            (no ring)
Will    .....        (no ring) Stlth
                     (no ring)
HPRegen 0.31/turn    (no ring)
MPRegen 0.17/turn    (no ring)
                     (no ring)

%: no passive effects
@: berserking, beast-form, very quick
A: beast (slay +2), almost no armour, amphibious, 8 rings, camouflage 1,
gelatinous body 1, (nimble swimmer 1), tentacles
a: Begin Untransformation


You were on level 5 of the Dungeon.
You were a hulking beast.
You visited 1 branch of the dungeon, and saw 5 of its levels.

You collected 192 gold pieces.


Innate Abilities, Weirdness & Mutations

You are a hulking beast.
Your limbs bulge with bestial killing power. (Slay +2)
You cannot wear most types of armour.
You are amphibious.
You can wear up to eight rings at the same time.
Your skin changes colour to match your surroundings (Stealth+).
Your rubbery body absorbs attacks. (AC +1, EV +1)
((You are camouflaged when in or above water. (Stealth+)))
You have tentacles for arms and can constrict up to eight enemies at once.


   Skills:
 - Level 3.0 Fighting
 - Level 2.0 Dodging
 + Level 5.5 Unarmed Combat
 - Level 3.0 Spellcasting
 + Level 5.1 Shapeshifting


You had 12 spell levels left.
You didn't know any spells.
Your spell library was empty.

Inventory:

Jewellery
 d - a ring of positive energy (right tentacle)
   (You found it on level 2 of the Dungeon)
 i - a ring of magical power (left tentacle)
   (You found it on level 1 of the Dungeon)
Talismans
 b - a beast talisman (active)
 c - a flux talisman
 r - a blade talisman
   (You found it on level 3 of the Dungeon)
Wands
 a - a wand of mindburst (11)
   (You took it off Ijyb on level 4 of the Dungeon)
Scrolls
 e - 2 scrolls of enchant weapon {unknown}
 h - a scroll of immolation {unknown}
 k - a scroll of amnesia {unknown}
 l - 2 scrolls of teleportation
 m - a scroll of poison {unknown}
 o - a scroll of acquirement {unknown}
 q - a scroll of revelation {unknown}
 s - a scroll of enchant armour
 v - 2 scrolls of fog {unknown}
Potions
 g - a potion of enlightenment {unknown}
 j - a potion of magic {unknown}
 n - a potion of curing {unknown}
 p - a potion of berserk rage
 t - a potion of haste {unknown}
 u - 4 potions of attraction

Dungeon Overview and Level Annotations

Branches:
Dungeon (5/15) Zot: 26183
 Temple: D:4-7

Altars:
Kikubaaqudgha

Annotations:
D:3 1 runed translucent door, Crazy Yiuf

####.#.......
#....#.......
#.####.......
#.# #......#
.. #.#
##.##...
....##### #.#
#.#####
..oco...# #.#
#......
####c###.#
#######
#..h)....#
#....#####
######


You could see a centaur.


Message History

There is an open door here.
Found a stone staircase leading up.
An orc wizard and an orc priest come into view.
The orc priest shouts!
The orc wizard shouts!
You hear a shout! x2
There are monsters nearby!
You hear a shout! x2
The orc priest invokes the aid of Beogh against you.
Pain shoots through your body!
The orc wizard casts a spell.
The orc wizard flickers and vanishes!
Deactivating autopickup; reactivate with Ctrl-A. 😕 HP[-2]
You take 2 damage, and now have 44/46 hp.
You tentacle-slap the orc priest. You grab the orc priest.
You constrict the orc priest. The orc priest hits you with a +0 club.
An orc priest comes into view. It is wielding a +0 flail. 😕 HP[-1]
You take 1 damage, and now have 43/46 hp.
There are monsters nearby!
You tentacle-slap the orc priest. You constrict the orc priest.
The orc priest calls down the wrath of Beogh upon you.
You struggle to resist.
You tentacle-slap the orc priest but do no damage.
You squeeze the orc priest.
You kill the orc priest!
The orc priest mumbles some strange prayers to Beogh against you.
Beogh smites you!
Your Shapeshifting skill increases to level 5! 😮 HP[-9]
You take 9 damage, and now have 34/46 hp.
You tentacle-slap something.
Your tentacle-slap misses something.
Your squeeze misses something.
Unknown command.
An orc, 2 orc wizards and a centaur come into view.
The orc wizard shouts!
The orc shouts!
The centaur shouts!
The orc wizard shouts!
You hear a shout!
The centaur wields a +0 orcbow.
The centaur shoots an arrow.
The arrow hits you!
The orc priest hits you with a +0 flail.
* * * LOW HITPOINT WARNING * * *
Something hits you.
* * * LOW HITPOINT WARNING * * *
The orc wizard moves out of view.
Things that are here:
a +0 club; a +0 ring mail; an orc corpse 😨 HP[-13]
You take 13 damage, and now have 21/46 hp.
MASSIVE DAMAGE!! (PAUSE) Unknown command.
Okay, then.
Unknown command.
Something hits you.
* * * LOW HITPOINT WARNING * * *
The orc priest shouts, "Beogh offers mercy even to people such as you.
Join us and be reborn!" 😨 HP[-3]
You take 3 damage, and now have 18/46 hp.
A red film seems to cover your vision as you go berserk!
You feel yourself moving faster!
You feel mighty! The orc priest barely misses you.
You hear some strange, mumbled words.
A magic dart appears from out of thin air!
The magic dart hits you!
* * * LOW HITPOINT WARNING * * *
😱 HP[-1]
You now have 69 max hp (+23).
You tentacle-slap the orc priest.
The orc priest shouts, "Beogh offers mercy even to people such as you.
Join us and be reborn!"
You grab the orc priest. You squeeze the orc priest!
You kill the orc priest!
You hear some strange, mumbled words.
A magic dart appears from out of thin air!
The magic dart hits you!
* * * LOW HITPOINT WARNING * * *
😱 HP[-9]
You take 9 damage, and now have 8/69 hp.
You closely miss something. Your squeeze misses something. 😱 HP[+1]
You bludgeon something! Something hits you.
* * * LOW HITPOINT WARNING * * *
😱 HP[-3]
You take 3 damage, and now have 6/69 hp.
You barely miss something. Your squeeze misses something.
You bludgeon something!
Reactivating autopickup.
You feel a bit more experienced.
The orc wizard hits you with a +0 dagger.
* * * LOW HITPOINT WARNING * * *
😱 HP[-4]
You take 4 damage, and now have 2/69 hp.
You bludgeon the orc wizard! Your grab misses the orc wizard.
You barely miss the orc wizard. Your grab misses the orc wizard.
Your squeeze misses the orc wizard.
The orc wizard points at you and mumbles some strange words.
You resist with some effort. 😱 HP[+1]
You bludgeon the orc wizard!
You kill the orc wizard!
You closely miss the centaur. You squeeze the centaur!
The centaur unwields a +0 orcbow.
The centaur hits you.
You die...

Skill      XL: |  1  2  3  4  5  6  7 |
---------------+----------------------+-----
Fighting       | 2 3 |  3.0
Unarmed Combat | 4 5 |  5.5
Spellcasting   | 2 3 |  3.0
Shapeshifting  | 4 5 |  5.1
Dodging        | |  2.0

Action                     |  1- 3 |  4- 6 |  7- 9 || total
---------------------------+-------+-------+-------++-------
  Melee: Unarmed           |    53 |   123 |    34 ||   210
         Constrict         |    12 |    28 |     9 ||    49
         Tentacles         |    13 |    22 |     9 ||    44
         Punch             |     1 |     5 |       ||     6
    Use: Potion            |     1 |     5 |     1 ||     7
         Scroll            |       |     3 |     1 ||     4
   Stab: Sleeping          |     7 |     6 |     4 ||    17
         Invisible         |     1 |       |       ||     1
 Armour: Skin              |    26 |    92 |    18 ||   136
  Dodge: Dodged            |    38 |    65 |    11 ||   114

Levels and vault maps discovered:
D:1:      tarquinn_simple_flora_water_c, layout_loops_cross,
          shapermc_ecumenical_altar_pompeii
D:2:      layout_rooms
D:3:      layout_basic, mainiacjoe_overflow_surrounded_room, hex_medium,
          uniq_crazy_yiuf_cottage
D:4:      layout_basic, nicolae_letterblocks [nicolae_letter_subblock,
          nicolae_letter_subblock, nicolae_letter_subblock,
          nicolae_letter_subblock, nicolae_letter_subblock,
          nicolae_letter_subblock, nicolae_letter_subblock,
          nicolae_letter_subblock, nicolae_letter_subblock,
          nicolae_letter_subblock, nicolae_letter_subblock,
          nicolae_letter_subblock, nicolae_letter_subblock,
          nicolae_letter_subblock, nicolae_letter_subblock,
          nicolae_letter_subblock, nicolae_letter_subblock,
          nicolae_letter_subblock, nicolae_letter_subblock,
          nicolae_letter_subblock, nicolae_letter_subblock,
          nicolae_letter_subblock, nicolae_letter_subblock,
          nicolae_letter_subblock, nicolae_letter_subblock], uniq_ijyb
D:5:      layout_basic, nicolae_overflow_hallway_of_the_gods, uniq_edmund,
          uniq_prince_ribbit1

Notes
Turn   | Place    | Note
-------+----------+-------------------------------------------
     0 | D:1      | ytrimaz the Octopode Shapeshifter began the quest for the
                  | Orb.
     0 | D:1      | Reached XP level 1. HP: 13/13 MP: 1/1
     0 | D:1      | magus.rc [v1.9.6]
   117 | D:1      | Reached XP level 2. HP: 17/18 MP: 2/2
   628 | D:1      | Found a faded altar of an unknown god.
   700 | D:2      | Reached XP level 3. HP: 16/24 MP: 3/3
   774 | D:2      | Reached skill level 2 in Fighting
   922 | D:2      | Reached XP level 4. HP: 25/29 MP: 4/4
   923 | D:2      | HP: 5/29 [gnoll/+0 halberd (11)]
  1812 | D:3      | Found an ancient bone altar of Kikubaaqudgha.
  1852 | D:3      | Reached XP level 5. HP: 35/35 MP: 6/6
  2204 | D:3      | Found a runed translucent door.
  2205 | D:3      | Noticed Crazy Yiuf
  2357 | D:4      | Reached skill level 3 in Fighting
  2357 | D:4      | Reached skill level 4 in Unarmed Combat
  2357 | D:4      | Reached skill level 1 in Spellcasting
  2364 | D:4      | Reached skill level 4 in Shapeshifting
  2370 | D:4      | Reached skill level 2 in Spellcasting
  2370 | D:4      | Reached XP level 6. HP: 33/42 MP: 9/9
  2555 | D:4      | Noticed Ijyb
  2569 | D:4      | Killed Ijyb
  2864 | D:4      | Reached skill level 3 in Spellcasting
  2875 | D:4      | Reached XP level 7. HP: 19/46 MP: 11/11
  3385 | D:5      | Entered Level 5 of the Dungeon
  3530 | D:5      | Reached skill level 5 in Unarmed Combat
  3824 | D:5      | Reached skill level 5 in Shapeshifting
  3827 | D:5      | HP: 17/69 [something/magic dart (10)]
  3828 | D:5      | HP: 8/69 [something/magic dart (9)]
  3832 | D:5      | HP: 2/69 [orc wizard/+0 dagger (4)]
  3836 | D:5      | Slain by a centaur

Vanquished Creatures
  A scorpion (D:4)
  5 orc priests
  2 hounds
  4 iguanas
  Ijyb (D:4)
  5 orc wizards
  5 adders
  3 gnolls (D:2)
  2 dart slugs
  11 orcs
  6 endoplasms
  A giant cockroach (D:3)
  4 goblins
  10 hobgoblins
  4 jackals (D:1)
  10 kobolds
  2 quokkas
  8 ball pythons
  7 bats
  2 frilled lizards
  2 rats
95 creatures vanquished.

Table legend:
 A = Non-vault XP
 B = Vault XP
 C = Vault XP percentage of total XP
 D = Non-vault monster count
 E = Vault monster count
 F = Vault count percentage of total count
                 A         B        C        D         E       F
            +---------+---------+-------+---------+---------+-------
      Total |     942 |      36 |   3.7 |      94 |       1 |   1.1
            +---------+---------+-------+---------+---------+-------
        D:1 |      26 |       0 |   0.0 |      15 |       0 |   0.0
        D:2 |     114 |       0 |   0.0 |      30 |       0 |   0.0
        D:3 |      54 |       0 |   0.0 |      15 |       0 |   0.0
        D:4 |     434 |      36 |   7.7 |      25 |       1 |   3.8
        D:5 |     314 |       0 |   0.0 |       9 |       0 |   0.0
            +---------+---------+-------+---------+---------+-------

Skill      XL: |  1  2  3  4  5  6  7 |
---------------+----------------------+-----
Fighting       | 2 3 |  3.0
Unarmed Combat | 4 5 |  5.5
Spellcasting   | 2 3 |  3.0
Shapeshifting  | 4 5 |  5.1
Dodging        | |  2.0

Action                     |  1- 3 |  4- 6 |  7- 9 || total
---------------------------+-------+-------+-------++-------
  Melee: Unarmed           |    53 |   123 |    34 ||   210
         Constrict         |    12 |    28 |     9 ||    49
         Tentacles         |    13 |    22 |     9 ||    44
         Punch             |     1 |     5 |       ||     6
    Use: Potion            |     1 |     5 |     1 ||     7
         Scroll            |       |     3 |     1 ||     4
   Stab: Sleeping          |     7 |     6 |     4 ||    17
         Invisible         |     1 |       |       ||     1
 Armour: Skin              |    26 |    92 |    18 ||   136
  Dodge: Dodged            |    38 |    65 |    11 ||   114

Illustrated notes

Table legend:
 A = Kills in this place as a percentage of kills in the entire game.
 B = Kills by you in this place as a percentage of kills by you in the entire game.
 C = Kills by friends in this place as a percentage of kills by friends in the entire game.
 D = Other kills in this place as a percentage of other kills in the entire game.
 E = Experience gained in this place as a percentage of experience gained in the entire game.
 F = Experience gained in this place divided by the number of levels of this place that you have seen.
                   A       B       C       D       E      F
               +-------+-------+-------+-------+-------+----------------------
         Total | 100.0 | 100.0 |   N/A |   N/A | 100.0 | 195.6
       Dungeon | 100.0 | 100.0 |   N/A |   N/A | 100.0 | 195.6
               +-------+-------+-------+-------+-------+----------------------

Table legend: (Time is in decaauts)
 A = Elapsed time spent in this place.
 B = Non-inter-level travel time spent in this place.
 C = Inter-level travel time spent in this place.
 D = Time resting spent in this place.
 E = Time spent auto-exploring this place.
 F = Levels seen in this place.
 G = Mean time per level.
                   A        B        C        D        E       F      G
               +--------+--------+--------+--------+--------+-----+--------+
         Total |   3815 |   3719 |     96 |     63 |   2978 |   5 |  763.0 |
       Dungeon |   3815 |   3719 |     96 |     63 |   2978 |   5 |  763.0 |
               +--------+--------+--------+--------+--------+-----+--------+

Top non-repeatable levels by time:
     D:4: 1065 daAuts
     D:3: 879 daAuts
     D:2: 733 daAuts
     D:1: 692 daAuts
     D:5: 445 daAuts
